 Dungeon Crawl Stone Soup version 0.22-a0-305-gd21a89c (webtiles) character file.

331 4thArraOfDagon the Grave Robber (level 6, -1/67 HPs)
             Began as a Demigod Necromancer on Mar 30, 2018.
             Killed by divine providence
             ... invoked by an orc priest
              (15 damage)
             ... on level 5 of the Dungeon.
             The game lasted 00:08:13 (1557 turns).

4thArraOfDagon the Grave Robber (DgNe)              Turns: 1557, Time: 00:08:13

Health: -1/67      AC: 23    Str: 11    XL:     6   Next: 5%
Magic:  1/13       EV:  2    Int: 23    God:
Gold:   182        SH:  2    Dex: 16    Spells: 4/11 levels left

rFire    . . .     SeeInvis .   t - +2 hand axe (freeze)
rCold    . . .     Gourm    .   (no shield)
rNeg     + + +     Faith    .   (armour currently unavailable)
rPois    +         Spirit   .   (helmet currently unavailable)
rElec    .         Reflect  +   (cloak currently unavailable)
rCorr    .         Harm     .   (gloves currently unavailable)
MR       .....     NoTele   +   (boots currently unavailable)
Stlth    ++........             n - +2 amulet of reflection
HPRegen  1.21/turn              k - ring of wizardry
MPRegen  0.13/turn              (no ring)

@: tree-form, very slightly contaminated, regenerating, very slow
A: high mp 1
a: no special abilities


You were on level 5 of the Dungeon.
You were not hungry.
You were a tree.
You visited 1 branch of the dungeon, and saw 5 of its levels.

You collected 182 gold pieces.

Inventory:

Hand Weapons
 f - a +0 flail
 t - a +2 hand axe of freezing (weapon)
Missiles
 i - 7 javelins (quivered)
Armour
 a - a +0 robe (melded)
 j - a +1 helmet (melded)
Jewellery
 h - an uncursed amulet of the gourmand
 k - a ring of wizardry (left branch)
 n - a +2 amulet of reflection (around neck)
Wands
 r - a wand of acid (2)
Scrolls
 e - 4 scrolls of identify
 l - a scroll of amnesia
Potions
 b - a potion of might {unknown}
 g - a potion of heal wounds {unknown}
 m - a potion of agility
Comestibles
 c - 5 rations


   Skills:
 - Level 1.7 Dodging
 - Level 1.7 Stealth
 - Level 3.1 Spellcasting
 * Level 6.3 Necromancy


You had 4 spell levels left.
You knew the following spells:

 Your Spells              Type           Power        Failure   Level  Hunger
a - Pain                  Necr           ####         1%          1    None
b - Vampiric Draining     Necr           ####......   1%          3    ###....
c - Regeneration          Chrm/Necr      ###.......   4%          3    ###....


Dungeon Overview and Level Annotations

Branches:
Dungeon (5/15)
 Temple: D:4-7

Annotations:
D:2 Natasha
D:3 xccam's ghost, amateur FoFi


Innate Abilities, Weirdness & Mutations

You have an increased reservoir of magic. (+10% MP)


Message History

Confirm with . or Enter, or press ? or * to list all spells.
Aiming: Vampiric Draining (safe; 1% risk of failure)
Press: ? - help, Shift-Dir - straight line, f/p - adder
Aim: an adder (almost dead)
Okay, then.
Unknown command.
Casting: Vampiric Draining (safe; 1% risk of failure)
Confirm with . or Enter, or press ? or * to list all spells.
Your skin crawls.
You feel sick. The rat bites you but does no damage.
The adder bites you but does no damage.
The quokka bites you but does no damage.
Unknown command.
Unknown command.
You feel better. The adder bites you but does no damage.
The rat twitches its whiskers.
The rat bites you but does no damage. You block the quokka's attack.
The orc completely misses you.
The orc priest mumbles some strange prayers to Beogh against you.
Beogh smites you!
You die...

..#######.....#####
.................≈≈
##..............≈≈≈#
######.........#≈#
##....<....≈≈≈#
####..........≈#≈#
##lo..#......lo≈≈≈#
##.O####......oro#
Zo.## ##....ooo♣#
.### ##.)%.wrS# .#
####†ZoZ# .# #...##
.# ##### (# ##


You could see a worm, an iguana, an orc priest, an orc wizard, an adder, 5 orcs,
a leopard gecko zombie, a quokka, a rat and an adder skeleton.

Vanquished Creatures
  A sky beast (D:5)
  An ogre (D:5)
  A howler monkey (D:4)
  A bullfrog zombie (D:5)
  3 adders
  A howler monkey skeleton (D:4)
  A river rat (D:5)
  An adder skeleton (D:4)
  A dart slug (D:1)
  A leopard gecko (D:4)
  A ball python (D:1)
  2 giant cockroaches (D:1)
  5 goblins
  8 hobgoblins
  5 bats
  2 frilled lizards
  A giant cockroach zombie (D:5)
  4 rats
40 creatures vanquished.

Vanquished Creatures (others)
  2 fungi (D:5)
2 creatures vanquished.

Grand Total: 42 creatures vanquished

Notes
Turn   | Place    | Note
-------+----------+-------------------------------------------
     0 | D:1      | 4thArraOfDagon the Demigod Necromancer began the quest for the Orb.
     0 | D:1      | Reached XP level 1. HP: 14/14 MP: 5/5
   106 | D:3      | Found a basalt altar of Yredelemnul.
   107 | D:3      | Noticed xccam's ghost (amateur FoFi)
   153 | D:2      | Noticed Natasha
   189 | D:3      | Reached XP level 2. HP: 9/20 MP: 4/7
   206 | D:3      | Found an opulent altar of Gozag.
   251 | D:3      | Reached skill level 4 in Necromancy
   612 | D:1      | Reached XP level 3. HP: 3/26 MP: 5/9
   617 | D:1      | Learned a level 3 spell: Vampiric Draining
   705 | D:1      | You fall through a shaft!
   919 | D:2      | Found a bloodstained altar of Trog.
  1219 | D:4      | Reached XP level 4. HP: 21/33 MP: 0/10
  1242 | D:4      | Learned a level 3 spell: Regeneration
  1313 | D:5      | Entered Level 5 of the Dungeon
  1313 | D:5      | Found a blossoming altar of Fedhas.
  1346 | D:5      | Reached skill level 5 in Necromancy
  1388 | D:5      | Noticed a sky beast
  1395 | D:5      | Killed a sky beast
  1395 | D:5      | Reached XP level 5. HP: 17/38 MP: 4/12
  1398 | D:5      | Found a stormy altar of Qazlal.
  1494 | D:5      | Noticed an ogre
  1517 | D:5      | Noticed a phantom
  1553 | D:5      | Killed an ogre
  1553 | D:5      | Reached skill level 6 in Necromancy
  1553 | D:5      | Reached XP level 6. HP: 11/45 MP: 7/13
  1557 | D:5      | Killed from afar by an orc priest

Vault maps used:
D:1:      scummos_arrival_checkerplants
D:2:      makhleb_blood_cavern_becter, bloody_trog, first_ration, uniq_natasha
D:3:      yredelemnul_altar_generic, lemuel_round_altar
D:4:      tso_oasis_becter, hangedman_minor_gate_pass
D:5:      grunt_temple_overflow_magic_moments, fedhas_altar_3,
          nicolae_qazlal_eye_of_the_storm, lightli_sewer_entry_pipes

Skill      XL: |  1  2  3  4  5 |
---------------+----------------+-----
Spellcasting   | 2 3 |  3.1
Necromancy     | 4 5 6 |  6.3
Dodging        | |  1.7
Stealth        | |  1.7

Action                   |  1- 3 |  4- 6 || total
-------------------------+-------+-------++-------
Melee: Flail             |    51 |       ||    51
       Hand axe          |       |    14 ||    14
 Cast: Pain              |    29 |       ||    29
       Vampiric Draining |    11 |     7 ||    18
       Regeneration      |       |     3 ||     3
Evoke: Wand              |       |     3 ||     3
  Use: Scroll            |       |     9 ||     9
       Potion            |       |     2 ||     2
 Stab: Sleeping          |     3 |     1 ||     4
  Eat: Chunk             |     2 |     2 ||     4
Armor: Robe              |    11 |    11 ||    22
       Skin              |       |     9 ||     9
Dodge: Dodged            |    44 |    39 ||    83
Block: Other             |     1 |     5 ||     6

Table legend:
 A = Spawn XP
 B = Non-spawn XP
 C = Spawn XP percentage of total XP
 D = Spawn monster count
 E = Non-spawn monster count
 F = Spawn count percentage of total count
 G = Total turns spent on level
                    A         B        C        D         E        F      G
               +---------+---------+-------+---------+---------+-------+---------
         Total |       0 |     473 |   0.0 |       0 |      40 |   0.0 |  1557
               +---------+---------+-------+---------+---------+-------+---------
           D:1 |       0 |      30 |   0.0 |       0 |      16 |   0.0 |   332
           D:2 |       0 |      38 |   0.0 |       0 |       8 |   0.0 |   418
           D:3 |       0 |       8 |   0.0 |       0 |       5 |   0.0 |   303
           D:4 |       0 |      77 |   0.0 |       0 |       4 |   0.0 |   260
           D:5 |       0 |     320 |   0.0 |       0 |       7 |   0.0 |   244
               +---------+---------+-------+---------+---------+-------+---------
